 Dungeon Crawl Stone Soup version 0.29.1-12-g30fa7ad0bf (webtiles) character file.

Game seed: 2242980554042330943

401 booth the Cudgeller (level 6, -15/51 HPs)
             Began as a Gnoll Wanderer on Jan 14, 2023.
             Demolished by an orc warrior
             ... wielding a +4 great mace
              (18 damage)
             ... on level 4 of the Dungeon on Jan 15, 2023.
             The game lasted 00:29:11 (4119 turns).

booth the Cudgeller (Gnoll Wanderer)                Turns: 4119, Time: 00:29:12

Health: -15/51     AC:  3    Str: 18    XL:     6   Next: 85%
Magic:  9/9        EV: 12    Int: 14    God:
Gold:   174        SH:  0    Dex: 16    Spells: 9/9 levels left

rFire   . . .      SeeInvis .   a - +2 mace
rCold   . . .      Faith    .   (no shield)
rNeg    . . .      Spirit   .   f - +0 leather armour
rPois   .          Reflect  .   (no helmet)
rElec   .          Harm     .   (no cloak)
rCorr   .          Rampage  .   (no gloves)
Will    .....                   (no boots)
Stlth   ++........              (no amulet)
HPRegen 0.17/turn               k - +6 ring of dexterity
MPRegen 0.11/turn               r - +6 ring of intelligence

@: no status effects
A: fangs 1, strong nose, distributed training
a: no special abilities


You were on level 4 of the Dungeon.
You visited 1 branch of the dungeon, and saw 4 of its levels.

You collected 174 gold pieces.

Inventory:

Hand Weapons
 a - a +2 mace (weapon)
 b - a +0 quarterstaff
 g - a +1 short sword of speed
Missiles
 c - 9 boomerangs
 i - 3 poisoned darts (quivered)
Armour
 f - a +0 leather armour (worn)
 j - a +0 ring mail
Jewellery
 k - a +6 ring of dexterity (left hand)
 p - a ring of ice
 r - a +6 ring of intelligence (right hand)
Wands
 y - a wand of flame (5)
Scrolls
 h - 3 scrolls of enchant weapon
 n - a scroll of butterflies {unknown}
 o - a scroll of poison {unknown}
 q - 2 scrolls of immolation {unknown}
 v - a scroll of teleportation {unknown}
 B - a scroll of vulnerability {unknown}
 C - 3 scrolls of magic mapping {unknown}
Potions
 m - a potion of ambrosia {unknown}
 t - 2 potions of curing
 u - a potion of attraction {unknown}
 w - a potion of invisibility {unknown}
 x - a potion of brilliance
 z - a potion of lignification {unknown}
 A - a potion of heal wounds {unknown}


   Skills:
 + Level 5.1 Fighting
 + Level 2.2 Short Blades
 + Level 2.2 Long Blades
 + Level 2.2 Axes
 + Level 6.9 Maces & Flails
 + Level 2.2 Polearms
 + Level 3.4 Staves
 + Level 2.2 Ranged Weapons
 + Level 5.1 Throwing
 + Level 3.4 Armour
 + Level 2.2 Dodging
 + Level 2.2 Stealth
 + Level 2.2 Shields
 + Level 2.2 Unarmed Combat
 + Level 2.2 Spellcasting
 + Level 1.8 Conjurations
 + Level 1.8 Hexes
 + Level 1.8 Summonings
 + Level 1.8 Necromancy
 + Level 1.8 Translocations
 + Level 1.8 Transmutations
 + Level 1.8 Fire Magic
 + Level 1.8 Ice Magic
 + Level 1.8 Air Magic
 + Level 1.8 Earth Magic
 + Level 1.8 Poison Magic
 + Level 3.6 Invocations
 + Level 2.2 Evocations


You had 9 spell levels left.
You didn't know any spells.
Your spell library contained the following spells:

 Spells                   Type           Power      Damage    Failure   Level
 Freeze                   Ice            24%        1d5       13%         1
 Dazzling Flash           Conj/Hex       12%        N/A       36%         3
 Frozen Ramparts          Ice            12%        1d2       36%         3
 Hailstorm                Conj/Ice       6%         3d4       78%         4
 Agony                    Necr           6%         N/A       98%         5
 Silence                  Hex/Air        3%         N/A       98%         5


Dungeon Overview and Level Annotations

Branches:
Dungeon (4/15)
 Temple: D:4-7

Altars:
Uskayaw


Innate Abilities, Weirdness & Mutations

You have very sharp teeth.
Your uncanny sense of smell can sniff out nearby items.
Your experience applies equally to all skills.


Message History

The orc warrior shoots a bolt.
The bolt closely misses you.
Throw: 4 darts (poison)
Press: ? - help, Q - select action, (/) - cycle Shift-Dir - straight line, f/p - orc warrior
Aim: an orc warrior, wielding a +0 arbalest and wearing a +0 chain mail (very poisoned, 61% to hit)
You throw a poisoned dart. The poisoned dart hits the orc warrior.
The orc warrior looks even sicker.
The orc warrior shoots a bolt.
The bolt hits you!
You hear a shout!
You hear a shout!
The orc warrior shoots a bolt.
The bolt closely misses you.
You hear a shout!
The orc wizard casts a spell.
The orc wizard flickers and vanishes!
Deactivating autopickup; reactivate with Ctrl-A.
The orc warrior shoots a bolt.
The bolt hits you.
There is an open door here.
The orc warrior shoots a bolt.
The bolt hits you!
You hit the orc warrior but do no damage.
The orc warrior is lightly wounded.
You barely miss the orc warrior.
You punch the orc warrior, but do no damage.
You bite the orc warrior, but do no damage.
The orc warrior is lightly wounded.
The orc warrior unwields a +0 arbalest.
The orc warrior wields a +4 great mace.
The orc warrior hits you with a +4 great mace!!
* * * LOW HITPOINT WARNING * * *
Something hits you.
* * * LOW HITPOINT WARNING * * *
You feel better.
The orc warrior hits you with a +4 great mace.
* * * LOW HITPOINT WARNING * * *
You hear some strange, mumbled words.
A puff of flame appears from out of thin air!
The puff of flame hits you.
* * * LOW HITPOINT WARNING * * *
As you read the scroll labelled SOCHUKHINAU, it crumbles to dust.
You feel a surge of unholy energy.
The orc warrior convulses!
Something is bathed in an unholy light!
It was a scroll of torment.
The orc warrior hits you with a +4 great mace!!
You die...

##..##.......#
....#........#
....#...##...#
#..##..##..)######
##..##...#...#....#
.........#........#
.........'.......#
.........#..###'##
...[.....#..##.o@#
###'##...#..#...{#
##..##...#..#...(#
.....#...#..#.....
.....#...#..#......
....##..######....#.
##..##..##..##....###
##..##......#####.#
.#..'........#


You could see an orc warrior (very poisoned).

Vanquished Creatures
  A black bear (D:2)
  An ogre (D:4)
  A scorpion (D:4)
  Ijyb (D:3)
  3 gnolls (D:3)
  2 adders (D:2)
  2 worms (D:2)
  A dart slug (D:2)
  4 orcs
  5 bats
  6 endoplasms
  4 giant cockroaches
  4 hobgoblins (D:2)
  4 jackals (D:1)
  8 kobolds
  2 quokkas
  9 ball pythons
  7 frilled lizards
  9 goblins
  6 rats
  A bush (D:1)
81 creatures vanquished.

Vanquished Creatures (others)
  2 plants (D:1)
2 creatures vanquished.

Grand Total: 83 creatures vanquished

Notes
Turn   | Place    | Note
-------+----------+-------------------------------------------
     0 | D:1      | booth the Gnoll Wanderer began the quest for the Orb.
     0 | D:1      | booth set off with the following items: a +2 mace, a +0
                  | quarterstaff, 9 boomerangs, a +0 dagger, a scroll of
                  | blinking, a +0 leather armour.
     0 | D:1      | Reached XP level 1. HP: 20/20 MP: 2/2
   280 | D:1      | Reached XP level 2. HP: 25/26 MP: 3/3
   852 | D:1      | Reached XP level 3. HP: 31/31 MP: 4/4
  1266 | D:2      | Reached skill level 1 in Short Blades
  1266 | D:2      | Reached skill level 1 in Long Blades
  1266 | D:2      | Reached skill level 1 in Axes
  1266 | D:2      | Reached skill level 1 in Polearms
  1266 | D:2      | Reached skill level 1 in Ranged Weapons
  1266 | D:2      | Reached skill level 1 in Dodging
  1266 | D:2      | Reached skill level 1 in Stealth
  1266 | D:2      | Reached skill level 1 in Shields
  1266 | D:2      | Reached skill level 1 in Unarmed Combat
  1266 | D:2      | Reached skill level 1 in Spellcasting
  1266 | D:2      | Reached skill level 1 in Evocations
  1468 | D:2      | Noticed a black bear
  1488 | D:2      | Killed a black bear
  1489 | D:2      | Reached skill level 1 in Conjurations
  1489 | D:2      | Reached skill level 1 in Hexes
  1489 | D:2      | Reached skill level 1 in Summonings
  1489 | D:2      | Reached skill level 1 in Necromancy
  1489 | D:2      | Reached skill level 1 in Translocations
  1489 | D:2      | Reached skill level 1 in Transmutations
  1489 | D:2      | Reached skill level 1 in Fire Magic
  1489 | D:2      | Reached skill level 1 in Ice Magic
  1489 | D:2      | Reached skill level 1 in Air Magic
  1489 | D:2      | Reached skill level 1 in Earth Magic
  1489 | D:2      | Reached skill level 1 in Poison Magic
  1489 | D:2      | Reached XP level 4. HP: 16/38 MP: 6/6
  1489 | D:2      | Reached XP level 5. HP: 18/43 MP: 7/7
  2415 | D:3      | Found a hide-covered altar of Uskayaw.
  2602 | D:3      | Noticed Ijyb
  2617 | D:3      | Killed Ijyb
  2858 | D:3      | Reached XP level 6. HP: 22/50 MP: 8/8
  3318 | D:3      | Identified the +5 ring mail of Impermeability {Harm rPois
                  | Will+++ Int-3}
  3437 | D:4      | Reached skill level 5 in Fighting
  3437 | D:4      | Reached skill level 5 in Throwing
  3449 | D:4      | Noticed an orc warrior
  4117 | D:4      | HP: 2/51 [orc warrior/+4 great mace (20)]
  4119 | D:4      | Demolished by an orc warrior

Illustrated notes

Levels and vault maps discovered:
D:1:      shiori_arrival_maze, layout_rooms, serial_forest,
          infiniplex_forest_clump_long, infiniplex_forest_lined_2,
          infiniplex_forest_clump_diagonal, infiniplex_forest_split,
          infiniplex_forest_clump_small, infiniplex_forest_end_2,
          infiniplex_forest_clump_curved
D:2:      layout_loops_ring, minmay_increasing_density
D:3:      layout_loops_ring, mainiacjoe_overflow_concentric_impassable,
          uniq_ijyb
D:4:      layout_gridville, nemelex_dance_club_becter

Skill      XL: |  1  2  3  4  5  6 |
---------------+-------------------+-----
Short Blades   | 1 2 |  2.2
Long Blades    | 1 2 |  2.2
Axes           | 1 2 |  2.2
Polearms       | 1 2 |  2.2
Ranged Weapons | 1 2 |  2.2
Dodging        | 1 2 |  2.2
Stealth        | 1 2 |  2.2
Shields        | 1 2 |  2.2
Unarmed Combat | 1 2 |  2.2
Spellcasting   | 1 2 |  2.2
Evocations     | 1 2 |  2.2
Staves         | 3 |  3.4
Armour         | 3 |  3.4
Conjurations   | 1 |  1.8
Hexes          | 1 |  1.8
Summonings     | 1 |  1.8
Necromancy     | 1 |  1.8
Translocations | 1 |  1.8
Transmutations | 1 |  1.8
Fire Magic     | 1 |  1.8
Ice Magic      | 1 |  1.8
Air Magic      | 1 |  1.8
Earth Magic    | 1 |  1.8
Poison Magic   | 1 |  1.8
Invocations    | 3 |  3.6
Fighting       | 5 |  5.1
Throwing       | 5 |  5.1
Maces & Flails | |  6.9

Action                   |  1- 3 |  4- 6 || total
-------------------------+-------+-------++-------
Melee: Mace              |   144 |   116 ||   260
       Bite              |    18 |    20 ||    38
       Punch             |     4 |     3 ||     7
Throw: Dart              |     2 |    18 ||    20
       Boomerang         |       |     3 ||     3
  Use: Scroll            |       |     5 ||     5
       Potion            |       |     3 ||     3
 Stab: Sleeping          |     3 |     2 ||     5
       Distracted        |     1 |       ||     1
Armor: Leather armour    |    19 |    17 ||    36
Dodge: Dodged            |    57 |    80 ||   137
